 Dungeon Crawl Stone Soup version 0.30-b1-2-g02819fbbbe (webtiles) character file.

Game seed: 4079493284730727154

143423 LLlMATKO the Warrior (level 16, 0/247 HPs)
             Began as a Minotaur Berserker on Oct 8, 2023.
             Was a High Priest of Trog.
             Succumbed to Aizul's poison arrow
             ... on level 3 of the Snake Pit.
             The game lasted 00:33:00 (28687 turns).

LLlMATKO the Warrior (Minotaur Berserker)          Turns: 28687, Time: 00:33:01

Health: 0/247      AC: 24    Str: 41    XL:     16   Next: 82%
Magic:  9/15       EV: 15    Int:  4    God:    Trog [*****.]
Gold:   1750       SH: 17    Dex: 10    Spells: 15/15 levels left

rFire   . . .        w - +4 broad axe (heavy)
rCold   . . .        f - +0 kite shield
rNeg    . . .        x - +2 storm dragon scales
rPois   +            (helmet restricted)
rElec   +            o - +0 cloak of Haimilom {Str+5}
rCorr   .            V - +1 pair of gloves
SInv    .            (no boots)
Will    +++..        P - amulet of reflection Stlth
                     L - +6 ring of strength
HPRegen 1.61/turn    K - ring of poison resistance
MPRegen 0.14/turn

%: reflection
@: berserking, lethally poisoned (0 -> -4), weakened, strong-willed,
regenerating, very quick
A: horns 2, retaliatory headbutt
a: Renounce Religion, Berserk, Trog's Hand, Brothers in Arms


You were on level 3 of the Snake Pit.
You worshipped Trog.
Trog was extremely pleased with you.
You visited 4 branches of the dungeon, and saw 25 of its levels.
You visited the Abyss 1 time.
You also visited: Sewer and Bailey.

You collected 3240 gold pieces.
You spent 1490 gold pieces at shops.

Inventory:

Hand Weapons
 q - the +2 sling of Goicuj {antimagic, rN+ Str+3 Dex-4}
   (You found it on level 5 of the Dungeon)

   Str:       It affects your strength (+3).
   Dex:       It affects your dexterity (-4).
   rN:        It protects you from negative energy.
 w - a +4 heavy broad axe (weapon)
 Q - a +0 war axe of flaming
Missiles
 j - 13 atropa-tipped darts
 k - 6 javelins (quivered)
 u - 35 poisoned darts
 J - 5 curare-tipped darts
 M - 4 throwing nets
Armour
 f - a +0 kite shield (worn)
 o - the +0 cloak of Haimilom (worn) {Str+5}
   (You acquired it on level 2 of the Orcish Mines)

   Str:       It affects your strength (+5).
 x - +2 storm dragon scales (worn)
 R - a +2 plate armour of fire resistance
 T - the +7 plate armour of the Heavens {rC+ rCorr Int+2}
   (You bought it in a shop on level 14 of the Dungeon)

   Int:       It affects your intelligence (+2).
   rC:        It protects you from cold.
   rCorr:     It protects you from acid and corrosion.
 V - a +1 pair of gloves (worn)
Jewellery
 e - a ring of protection from cold
 h - a ring of protection from fire
 A - a ring of flight
 B - a ring of see invisible
 K - a ring of poison resistance (right hand)
 L - a +6 ring of strength (left hand)
 N - a +6 ring of dexterity
 P - an amulet of reflection (around neck)
 X - a ring of protection from fire
 Z - a ring of protection from fire
Wands
 t - a wand of mindburst (43)
 C - a wand of flame (14)
 F - a wand of roots (9)
 I - a wand of acid (23)
 S - a wand of charming (9)
Scrolls
 a - 7 scrolls of fog
 b - 8 scrolls of enchant armour
 i - a scroll of magic mapping
 m - 7 scrolls of teleportation
 s - 12 scrolls of identify
 y - 3 scrolls of enchant weapon
 D - 4 scrolls of noise
 E - 2 scrolls of butterflies
 O - a scroll of fear
 W - a scroll of poison
 Y - a scroll of silence
Potions
 c - 14 potions of curing
 d - 5 potions of might
 g - 8 potions of haste
 l - 3 potions of berserk rage
 p - 3 potions of cancellation
 r - a potion of invisibility
 v - 2 potions of resistance
 z - a potion of flight
 G - 10 potions of ambrosia
 H - 3 potions of heal wounds


   Skills:
 + Level 20.4 Fighting
 + Level 17.6 Axes
 + Level 3.3 Ranged Weapons
 + Level 17.3 Armour
 + Level 16.0 Dodging
 + Level 13.1 Shields


You had 15 spell levels left.
You didn't know any spells.
Your spell library was empty.

Dungeon Overview and Level Annotations

Branches:
Dungeon (15/15)            Temple (0/1) D:4            Lair (5/5) D:10
 Shoals (0/4) Lair:2        Snake (3/4) Lair:3        Slime (0/5) Lair:4
    Orc (2/2) D:10            Elf (0/3) Orc:2        Vaults (0/5) D:13
 Depths (0/4) D:15          Sewer (visited)          Bailey (visited)

Altars:
Cheibriados
Dithmenos
Elyvilon
Fedhas
Gozag
Hepliaklqana
Kikubaaqudgha
Nemelex Xobeh
Okawaru
Qazlal
Sif Muna
Trog
Vehumet
Wu Jian
Xom
The Shining One

Shops:
D:7 !   D:8 :   D:10 *   D:14 [?:   Orc:2 [!?=   Snake:1 =:=   Snake:2 :((

Annotations:
D:3 2 transporters, noone's ghost, weakling GrEE
Lair:4 exclusion: 5 oklob plants


Innate Abilities, Weirdness & Mutations

You have a pair of horns on your head.
You reflexively headbutt those who attack you in melee.


Message History

The bolt of poison hits Aizul!
The bolt of poison hits you but does no damage.
You are poisoned.
You resist.
The naga sharpshooter spits poison at you.
The splash of poison misses you.
Aizul coils herself and waves her upper body at you.
The bolt of poison hits you! You resist.
* * * LOW HITPOINT WARNING * * *
You closely miss Aizul.
Aizul is severely wounded.
You feel sick. The salamander closely misses you.
Aizul screams, "I'll haunt your nightmares!"
Aizul casts a spell at you. The poison arrow hits you!
You are more poisoned.
You partially resist.
* * * LOW HITPOINT WARNING * * *
* * * LOW HITPOINT WARNING * * *
You feel very sick.
The naga sharpshooter casts a spell.
The naga sharpshooter magically shoots an arrow.
The arrow hits you but does no damage.
The naga mage points at you and mumbles some strange words.
The bolt of poison hits Aizul.
The bolt of poison misses you.
Unknown command.
You open Aizul like a pillowcase!!! Your headbutt misses Aizul.
Aizul is almost dead.
* * * LOW HITPOINT WARNING * * *
You feel very sick.
The naga sharpshooter casts a spell.
You block Aizul's attack. The salamander barely misses you.
Unknown command.
Unknown command.
You slash Aizul!
You feel the power of Trog in you as your rage grows.
You kill Aizul!
Trog accepts your kill.
Trog appreciates your killing of a magic user.
You die...

...........
..........
....$.....
.........
.......N.
#......#
#....NN##
#....NN.###
##..#
#.....).@.##
#...#
##.........#
#...#
######...##
#...# #..##
#...#
#..##########
#...##
##............
#....#
#.............
#<...#
#.............
##...#
##..........#


You could see a naga sharpshooter (catching breath), a salamander, a naga mage
(fast) and a naga (curare).

Vanquished Creatures
  Rupert (D:13)
  Frances (D:14)
  Agnes (D:14)
  A storm dragon (D:12)
  Kirke (Lair:5)
  Aizul (Snake:3)
  A deep elf annihilator (D:14)
  Snorg (Lair:5)
  A fire dragon (Lair:5)
  Josephine (D:10)
  Erolcha (Orc:2)
  5 vault guards (D:13)
  A salamander tyrant (Snake:3)
  A centaur warrior (D:11)
  10 hydras
  5 boulder beetles
  An ogre mage (Orc:2)
  6 anacondas
  3 catoblepae (Lair:5)
  5 two-headed ogres
  10 death yaks
  4 naga warriors
  A tengu warrior (D:14)
  4 shock serpents
  Sonja (Orc:1)
  4 naga sharpshooters (Snake:1)
  A salamander mystic (Snake:3)
  Nergalle (Orc:1)
  4 skysharks
  Amaemon (Lair:1)
  4 skeletal warriors (D:13)
  An orange crystal statue (D:8)
  A steelbarb worm (shapeshifter) (D:15)
  4 lindwurms
  2 naga ritualists
  3 wizards
  10 orc sorcerers
  An orc knight (Bailey)
  2 deep elf pyromancers (D:15)
  7 mana vipers
  4 cyclopes
  3 manticores
  5 ugly things
  An oklob plant (Lair:3)
  6 salamanders
  A merfolk siren (Lair:2)
  9 naga magi
  4 elephants
  4 guardian serpents
  24 black mambas
  An unseen horror (D:11)
  7 torpor snails
  An orange demon (Lair:1)
  2 gargoyles
  12 cane toads
  4 komodo dragons
  2 efreet
  A kobold demonologist (D:12)
  9 rime drakes
  A yaktaur (D:14)
  A freezing wraith (D:14)
  5 trolls
  2 polar bears (Lair:5)
  A queen bee (Lair:4)
  A troll (shapeshifter) (D:14)
  3 merfolk (Lair:2)
  6 meliai
  Grinder (D:6)
  Prince Ribbit (D:5)
  2 blink frogs
  3 tyrant leeches (Lair:5)
  7 hornets (Lair:5)
  6 dream sheep
  17 slime creatures
  Sigmund (D:3)
  A shadow (D:14)
  A centaur simulacrum (D:11)
  7 wraiths
  5 wyverns
  48 yaks
  7 humans (D:13)
  6 basilisks
  4 fire bats (Orc:1)
  Eustachio (D:6)
  6 hogs (Lair:5)
  Grum (D:8)
  A steam dragon (D:7)
  Menkaure (D:4)
  4 wargs
  12 vampire mosquitoes
  25 nagas
  2 acid dragons
  17 water moccasins
  27 orc warriors
  5 black bears
  Pargi (Sewer)
  3 ice beasts
  2 sky beasts
  4 ogres
  8 wolves
  7 centaurs
  A phantom (D:7)
  3 kobold brigands
  Blork the orc (D:6)
  5 gnoll sergeants
  16 bullfrogs
  5 scorpions
  5 wights (D:4)
  33 killer bees
  4 howler monkeys
  13 orc priests
  A gnoll bouda (Orc:1)
  3 hounds (D:6)
  2 jellies
  Natasha (thrice) (D:2)
  5 iguanas
  35 orc wizards
  10 hell rats
  6 adders
  26 gnolls
  4 shadow imps (D:5)
  7 white imps
  4 ufetubi
  3 worms
  2 dart slugs
  111 orcs
  10 bats
  6 endoplasms
  3 giant cockroaches
  9 hobgoblins
  2 jackals (D:2)
  20 kobolds
  5 quokkas
  5 ball pythons
  3 frilled lizards (D:1)
  11 goblins
  5 rats
  A spectral weapon (D:14)
866 creatures vanquished.

Vanquished Creatures (collateral kills)
  An orc warlord (Orc:2)
  A dire elephant (Lair:5)
  A manticore (Lair:5)
  6 elephants (Lair:5)
  A cane toad (Lair:5)
  A troll (Orc:2)
  5 dream sheep (Lair:5)
  5 orc warriors (Orc:2)
  An orc priest (Orc:2)
  2 orc wizards (Orc:2)
  10 orcs (Orc:2)
34 creatures vanquished.

Vanquished Creatures (others)
  2 orc wizards
  A bush (Lair:4)
  A demonic plant (D:5)
  67 fungi
  83 plants
154 creatures vanquished.

Grand Total: 1054 creatures vanquished

Notes
Turn   | Place    | Note
-------+----------+-------------------------------------------
     0 | D:1      | LLlMATKO the Minotaur Berserker began the quest for the
                  | Orb.
     0 | D:1      | Reached XP level 1. HP: 19/19 MP: 0/0
     2 | D:1      | Noticed a meteoran
     2 | D:1      | Noticed a spriggan
     4 | D:1      | Noticed a ghoul
     4 | D:1      | Noticed a vine stalker
     6 | D:1      | Noticed an ogre
     6 | D:1      | Noticed a formicid
     8 | D:1      | Noticed an elf
     8 | D:1      | Noticed a vampire
    10 | D:1      | Noticed a naga
    12 | D:1      | Noticed a demigod
    14 | D:1      | Noticed a tengu
    16 | D:1      | Noticed an armataur
    16 | D:1      | Noticed a draconian
    18 | D:1      | Noticed a human
    18 | D:1      | Noticed a merfolk
    20 | D:1      | Noticed a demonspawn
    20 | D:1      | Noticed a troll
    22 | D:1      | Noticed a gargoyle
    22 | D:1      | Noticed a felid
    24 | D:1      | Noticed a minotaur
    24 | D:1      | Noticed a tengu
    26 | D:1      | Noticed a meteoran
    26 | D:1      | Noticed an ogre
   269 | D:1      | Reached XP level 2. HP: 27/27 MP: 1/1
   520 | D:1      | Reached skill level 4 in Fighting
   715 | D:1      | Reached XP level 3. HP: 33/33 MP: 2/2
  1346 | D:2      | Noticed Natasha
  1351 | D:2      | Killed Natasha
  1384 | D:2      | Reached XP level 4. HP: 41/41 MP: 3/3
  1401 | D:2      | Noticed Natasha
  1411 | D:2      | Killed Natasha
  1411 | D:2      | Reached ** piety under Trog
  1452 | D:2      | Noticed Natasha
  1472 | D:2      | Killed Natasha
  1652 | D:2      | Reached XP level 5. HP: 47/47 MP: 4/4
  1759 | D:2      | Found a sparkling altar of Nemelex Xobeh.
  1992 | D:3      | Found a bloodstained altar of Trog.
  2097 | D:3      | Found an iron altar of Okawaru.
  2247 | D:3      | Noticed Sigmund
  2256 | D:3      | Killed Sigmund
  2257 | D:3      | Reached skill level 5 in Fighting
  2257 | D:3      | Reached skill level 5 in Axes
  2257 | D:3      | Reached XP level 6. HP: 56/56 MP: 5/5
  2475 | D:3      | Found a transporter.
  2478 | D:3      | Noticed noone's ghost (weakling GrEE)
  2483 | D:3      | Found a transporter.
  2965 | D:4      | Reached skill level 5 in Armour
  2965 | D:4      | Reached XP level 7. HP: 33/62 MP: 6/6
  2967 | D:4      | Reached skill level 6 in Fighting
  3061 | D:4      | Reached *** piety under Trog
  3062 | D:4      | Reached skill level 5 in Dodging
  3070 | D:4      | Noticed Menkaure
  3076 | D:4      | Killed Menkaure
  3115 | D:4      | Found a staircase to the Ecumenical Temple.
  3327 | D:4      | Reached XP level 8. HP: 71/71 MP: 7/7
  3420 | D:5      | Entered Level 5 of the Dungeon
  3423 | D:5      | Identified a scroll of acquirement
  3423 | D:5      | Acquired a manual of Fighting
  3545 | D:5      | Reached skill level 7 in Fighting
  3633 | D:5      | Found a glowing drain.
  3647 | D:5      | Identified the +2 sling of Goicuj {antimagic, rN+ Str+3
                  | Dex-4}
  3652 | Sewer    | Entered a sewer
  3655 | Sewer    | Reached **** piety under Trog
  3677 | Sewer    | Noticed Pargi
  3685 | Sewer    | Killed Pargi
  3879 | D:5      | Found a shimmering altar of Xom.
  3970 | D:5      | Reached skill level 8 in Fighting
  3986 | D:5      | Found a shimmering blue altar of Sif Muna.
  4308 | D:5      | Noticed Prince Ribbit
  4322 | D:5      | Killed Prince Ribbit
  4429 | D:6      | Reached skill level 9 in Fighting
  4446 | D:6      | Reached XP level 9. HP: 83/83 MP: 8/8
  4460 | D:6      | Noticed Blork the orc
  4470 | D:6      | Killed Blork the orc
  4522 | D:6      | Found a hazy altar of Hepliaklqana.
  4552 | D:6      | Noticed Eustachio
  4566 | D:6      | Killed Eustachio
  4691 | D:6      | Found a snail-covered altar of Cheibriados.
  4709 | D:6      | Noticed Grinder
  4718 | D:6      | Paralysed by Grinder for 3 turns
  4722 | D:6      | Killed Grinder
  4723 | D:6      | Reached skill level 10 in Fighting
  5259 | D:7      | Found a white marble altar of Elyvilon.
  5441 | D:7      | Found Ohir Zau's Distillery.
  5538 | D:7      | Reached ***** piety under Trog
  5542 | D:7      | Reached skill level 11 in Fighting
  5640 | D:7      | Reached XP level 10. HP: 75/96 MP: 9/9
  6173 | D:8      | Noticed Grum
  6180 | D:8      | Killed Grum
  6223 | D:8      | Reached skill level 12 in Fighting
  6243 | D:8      | Found Sadihibe's Book Shop.
  6378 | D:8      | Noticed an orange crystal statue
  6611 | D:8      | Found a glowing golden altar of the Shining One.
  6951 | D:8      | Killed an orange crystal statue
  6952 | D:8      | Reached skill level 10 in Axes
  7210 | D:9      | Found an ornate altar of the Wu Jian Council.
  7223 | D:9      | Found a blossoming altar of Fedhas.
  7381 | D:9      | Reached skill level 10 in Armour
  7465 | D:9      | Reached skill level 13 in Fighting
  7626 | D:9      | Received a gift from Trog
  7910 | D:9      | Found a blossoming altar of Fedhas.
  7919 | D:9      | Found an ornate altar of the Wu Jian Council.
  8064 | D:9      | Reached XP level 11. HP: 83/107 MP: 10/10
  8359 | D:10     | Entered Level 10 of the Dungeon
  8412 | D:10     | Noticed a two-headed ogre
  8419 | D:10     | Killed a two-headed ogre
  8423 | D:10     | Found a flagged portal.
  8441 | D:10     | Noticed Josephine
  8442 | Bailey   | Entered a bailey
  8632 | Bailey   | Reached skill level 14 in Fighting
  8653 | Bailey   | Noticed an orc knight
  8665 | Bailey   | Killed an orc knight
  8666 | Bailey   | Reached skill level 10 in Dodging
  8932 | D:10     | Killed Josephine
  9074 | D:10     | Found an opulent altar of Gozag.
  9140 | D:10     | Found Gozag's Platinum Reserve.
  9263 | D:10     | Found a staircase to the Orcish Mines.
  9274 | D:10     | Reached skill level 15 in Fighting
  9468 | D:10     | Reached ****** piety under Trog
  9560 | D:10     | Received a gift from Trog
  9590 | D:10     | Found a staircase to the Lair.
  9948 | D:10     | Found a stormy altar of Qazlal.
  9948 | D:10     | Noticed a white ugly thing
  9956 | D:10     | Killed a white ugly thing
 10278 | Lair:1   | Entered Level 1 of the Lair of Beasts
 10303 | Lair:1   | Reached XP level 12. HP: 84/122 MP: 11/11
 10352 | Lair:1   | Reached skill level 1 in Shields
 10353 | Lair:1   | Reached skill level 16 in Fighting
 10438 | Lair:1   | Noticed Amaemon
 10450 | Lair:1   | Killed Amaemon
 11036 | Lair:2   | Found a staircase to the Shoals.
 11528 | Lair:2   | You fall into a shaft and drop 1 floor!
 11535 | Lair:3   | Noticed a five-headed hydra
 11539 | Lair:3   | Killed an eight-headed hydra
 11854 | Lair:3   | Noticed an eight-headed hydra
 11861 | Lair:3   | Killed an 11-headed hydra
 11959 | Lair:3   | Noticed a five-headed hydra
 11963 | Lair:3   | Killed an eight-headed hydra
 11967 | Lair:3   | Reached skill level 17 in Fighting
 12237 | Lair:3   | Noticed a boulder beetle
 12245 | Lair:3   | Reached skill level 5 in Shields
 12249 | Lair:3   | Received a gift from Trog
 12331 | Lair:3   | Killed a boulder beetle
 12369 | Lair:3   | Reached XP level 13. HP: 132/132 MP: 12/12
 12985 | Lair:3   | Found a staircase to the Snake Pit.
 13554 | Lair:4   | Found a staircase to the Slime Pits.
 14768 | Lair:5   | Entered Level 5 of the Lair of Beasts
 14892 | Orc:1    | Entered Level 1 of the Orcish Mines
 15188 | Orc:1    | Noticed Sonja
 15199 | Orc:1    | Reached skill level 18 in Fighting
 15204 | Orc:1    | Killed Sonja
 15252 | Orc:1    | You fall into a shaft and drop 1 floor!
 15252 | Orc:2    | Entered Level 2 of the Orcish Mines
 15283 | Orc:2    | Noticed an orc warlord
 15291 | Orc:2    | Killed an orc warlord
 15294 | Orc:2    | Found a staircase to the Elven Halls.
 15370 | Orc:2    | Reached XP level 14. HP: 124/143 MP: 13/13
 15503 | Orc:1    | Noticed Nergalle
 15516 | Orc:1    | Killed Nergalle
 15516 | Orc:1    | Received a gift from Trog
 15751 | Orc:2    | Acquired the +0 cloak of Haimilom {Str+5}
 16301 | Orc:2    | Paralysed by an ogre mage for 2 turns
 16480 | Orc:2    | Found Acsux's Jewellery Boutique.
 16504 | Orc:2    | Bought an amulet of reflection for 510 gold pieces
 16527 | Orc:2    | Found an ancient bone altar of Kikubaaqudgha.
 16569 | Orc:2    | Found Cipryrim's Distillery.
 16646 | Orc:2    | Found a radiant altar of Vehumet.
 16646 | Orc:2    | Noticed Erolcha
 16660 | Orc:2    | Killed Erolcha
 16806 | Orc:2    | Found Hedeuc's Antique Armour Boutique.
 16811 | Orc:2    | Found Cemo's Magic Scroll Shop.
 17037 | Lair:5   | Noticed Snorg
 17050 | Lair:5   | Killed Snorg
 17121 | Lair:5   | Reached skill level 15 in Axes
 17170 | Lair:5   | Received a gift from Trog
 17320 | Lair:5   | Noticed Kirke
 17332 | Lair:5   | Killed Kirke
 17361 | Lair:5   | Reached skill level 15 in Armour
 17537 | Lair:5   | Identified the +9 trident of Integrity {drain, rPois rCorr
                  | Int-4 Stlth+}
 17571 | Lair:5   | Identified the +0 leather armour of Ignis's Vengeance {rF-
                  | Dex+5}
 18028 | Lair:5   | Found a runed translucent door.
 18384 | Lair:5   | Reached skill level 10 in Shields
 18727 | Lair:5   | Identified the +0 chain mail of Beogh's Inspiration {Int+4}
 19007 | Lair:5   | Reached XP level 15. HP: 151/151 MP: 14/14
 19171 | Lair:5   | Received a gift from Trog
 19172 | Lair:5   | Reached skill level 19 in Fighting
 20661 | D:12     | Noticed a storm dragon
 20691 | D:12     | Killed a storm dragon
 20766 | D:12     | You fall into a shaft and drop 3 floors!
 20766 | D:15     | Entered Level 15 of the Dungeon
 21052 | D:14     | Paralysed by an orc sorcerer for 2 turns
 21168 | D:14     | Found Qioza's Antique Armour Boutique.
 21995 | D:13     | Received a gift from Trog
 22075 | D:13     | Reached skill level 15 in Dodging
 22521 | D:13     | Found a gate to the Vaults.
 22714 | D:13     | Noticed Rupert
 22722 | D:13     | Killed Rupert
 23065 | Abyss:2  | Cast into level 2 of the Abyss (a wizard)
 23078 | Abyss:2  | Found a corrupted altar of Lugonu.
 23088 | D:14     | Escaped the Abyss
 23179 | D:14     | Noticed Agnes
 23186 | D:14     | Killed Agnes
 23431 | D:14     | Found Ruqocsue's Magic Scroll Boutique.
 23455 | D:14     | Found Sanaiw's Book Shoppe.
 23815 | D:14     | Reached XP level 16. HP: 162/162 MP: 15/15
 23998 | D:14     | Bought a heavily runed plate armour for 980 gold pieces
 23998 | D:14     | Identified the +7 plate armour of the Heavens {rC+ rCorr
                  | Int+2} (You bought it in a shop on level 14 of the Dungeon)
 24187 | D:14     | Found a shadowy altar of Dithmenos.
 24193 | D:14     | Identified the amulet "Sauss" {Faith Fragile rElec rN++
                  | rCorr}
 24286 | D:14     | Noticed Frances
 24297 | D:14     | Killed Frances
 24797 | D:15     | Found a glowing golden altar of the Shining One.
 25116 | D:15     | Found a staircase to the Depths.
 25626 | Snake:1  | Entered Level 1 of the Snake Pit
 25894 | Snake:1  | Received a gift from Trog
 25895 | Snake:1  | Reached skill level 20 in Fighting
 26085 | Snake:1  | Found Uhicle Hosch's Jewellery Boutique.
 26307 | Snake:1  | Found Woboxt's Book Emporium.
 26308 | Snake:1  | Found Reahy's Jewellery Boutique.
 26355 | Snake:1  | Reached skill level 1 in Ranged Weapons
 27667 | Snake:2  | Found Nurchoiklu's Antique Weapon Emporium.
 27672 | Snake:2  | Found Udwiarum's Antique Weapon Shoppe.
 27729 | Snake:2  | Found Ympow's Book Emporium.
 28664 | Snake:3  | Noticed Aizul
 28684 | Snake:3  | HP: 6/247 [Aizul/poison arrow (17)]
 28686 | Snake:3  | HP: 1/247 [poisoned by Aizul (poison arrow)]
 28687 | Snake:3  | Killed Aizul
 28687 | Snake:3  | Succumbed to Aizul's poison arrow

Illustrated notes

Levels and vault maps discovered:
D:1:      kb_arrival_jail, layout_basic, feat_on_display
D:2:      layout_rooms, basic_altar, uniq_natasha
D:3:      layout_loops_ring, mainiacjoe_overflow_chevrons,
          amcnicky_altar_gilded, gammafunk_ghost_mausoleum, uniq_sigmund
D:4:      cheibrodos_pilgrimage, layout_rooms,
          minmay_temple_entry_statues_fountains, uniq_menkaure
D:5:      layout_basic, tgw_xom, mainiacjoe_overflow_paths, serial_demonic,
          serial_demonic_a, serial_demonic_a, serial_demonic_a,
          serial_demonic_b, serial_demonic_c, serial_demonic_g,
          serial_demonic_e, serial_demonic_c, serial_demonic_e,
          serial_demonic_e, cheibrodos_sewer_entry_bend, uniq_prince_ribbit1
D:6:      layout_cave_pools, nicolae_hepliaklqana_hazy_memory,
          mainiacjoe_overflow_six_doors_small, uniq_grinder, uniq_eustachio,
          uniq_blork_the_orc
D:7:      minmay_bubble_buster, layout_gridville, mainiacjoe_overflow_boulevard,
          serial_shops, shop
D:8:      minmay_statue_hallways, layout_cave_pods, kennysheep_little_box,
          serial_shops, nicolae_shop_stone, uniq_grum
D:9:      layout_small_grid, mainiacjoe_overflow_alcove_2,
          nzn_wu_jian_contemplation
D:10:     layout_layer_cave, nicolae_gozag_zags_fifth_avenue,
          nicolae_qazlal_eye_of_the_storm, due_lair_maze_entry_diamond,
          david_orc_1_choice, enter_bailey_5, uniq_josephine
D:11:     layout_basic, kb_rosetta
D:12:     layout_basic, kennysheep_four_rooms
D:13:     layout_layer_cave, ximxim_vaults_locker_room, uniq_rupert
D:14:     cheibrodos_wizards_tower, layout_loops_corners,
          grunt_dithmenos_shadows, serial_shops, nicolae_shop_window_shopping,
          shop, nicolae_inconvenience_store, uniq_frances, uniq_agnes
D:15:     hangedman_depths_entry_try_elsewhere_first, layout_grid_maze,
          grunt_ministairs_1, nicolae_tso_swordbearing_angel
Lair:1:   layout_cave_shapes, lemuel_fruit_tree, serial_bayou_shore_b,
          uniq_amaemon
Lair:2:   layout_cave_pods, elwin_shoals_entry_stream
Lair:3:   nzn_winding_woodlands_stair_cross [nzn_winding_woodlands_5x15_pool,
          nzn_winding_woodlands_center_garden,
          nzn_winding_woodlands_5x15_split_checker,
          nzn_winding_woodlands_5x5_three, nzn_winding_woodlands_5x5_perimeter,
          nzn_winding_woodlands_5x15_concentric,
          nzn_winding_woodlands_center_lodge, nzn_winding_woodlands_5x15_cabin],
          layout_cave_pods, guppyfry_snake_entry_island
Lair:4:   layout_roguey [special_room_bee], dpeg_slime_entry_enclosed,
          dpeg_oklob_1, grunt_megastairs_1, infiniplex_staircase_pool_2
Lair:5:   hangedman_lair_in_review, layout_cave_pods, wormcave,
          grunt_megastairs_4, serial_bayou_shore_b, uniq_snorg, uniq_kirke
Snake:1:  layout_onion_interference, drop_trap, minmay_shop_grove
Snake:2:  layout_layer_cave, nicolae_snake_serpentine_hallways,
          nicolae_triple_integral, serial_bayou_shore_b, minmay_shop_star
Snake:3:  layout_onion, guppyfry_library_mini, uniq_mlioglotl, uniq_mara,
          uniq_aizul
Orc:1:    layout_caves, nicolae_orc_lava_tube, uniq_sonja, uniq_nergalle
Orc:2:    kennysheep_orc_mage_school, layout_caves, nicolae_orc_pool_cavern,
          hellmonk_bongcloud_opening

Skill      XL: |  1  2  3  4  5  6  7  8  9 10 11 12 13 14 15 16 |
---------------+-------------------------------------------------+-----
Fighting       | 4 5 6 9 11 13 15 17 18 19 20 | 20.4
Axes           | 4 5 6 8 9 10 12 13 14 15 16 17 | 17.6
Armour         | 3 4 5 6 7 9 10 11 13 14 15 16 17 | 17.3
Dodging        | 3 4 5 6 8 9 11 12 13 14 15 16 | 16.0
Shields        | 5 8 10 11 13 | 13.1
Ranged Weapons | 3 |  3.3

Action                     |  1- 3 |  4- 6 |  7- 9 | 10-12 | 13-15 | 16-18 || total
---------------------------+-------+-------+-------+-------+-------+-------++-------
  Melee: Hand axe          |    55 |   131 |   273 |   150 |       |       ||   609
         Headbutt          |     6 |    22 |    49 |    84 |   147 |    34 ||   342
         Punch             |       |     2 |     2 |     3 |       |       ||     7
         War axe           |       |       |       |   119 |    15 |       ||   134
         Broad axe         |       |       |       |   139 |   657 |   211 ||  1007
   Fire: Sling             |       |       |       |    90 |       |    58 ||   148
  Throw: Dart              |       |       |       |     2 |       |       ||     2
         Javelin           |       |       |       |     1 |    11 |       ||    12
 Invoke: Berserk           |       |     4 |     4 |    15 |    21 |     7 ||    51
         Brothers in Arms  |       |       |       |       |     8 |       ||     8
         Trog's Hand       |       |       |       |       |     7 |     1 ||     8
    Use: Potion            |       |     2 |       |     1 |       |       ||     3
         Scroll            |       |       |     7 |     7 |    14 |     1 ||    29
   Stab: Petrified         |       |       |       |       |     5 |       ||     5
 Armour: Animal skin       |     1 |       |       |       |       |       ||     1
         Plate armour      |    22 |   109 |   234 |   155 |       |    32 ||   552
         Storm dragon scal |       |       |       |   203 |   390 |    81 ||   674
  Dodge: Dodged            |    28 |    50 |   143 |   362 |   438 |   100 ||  1121
  Block: Buckler           |       |       |       |       |   252 |       ||   252
         Reflection        |       |       |       |       |     7 |    19 ||    26
         Kite shield       |       |       |       |       |   169 |   221 ||   390
